Map: Ephemeron LE

Players

ViBE

  • Race: Protoss Protoss
  • League: Platinum
  • Spawn Location: 5:00

DerpHerder - Winner!

  • Race: Zerg Zerg
  • League: Platinum
  • Spawn Location: 11:00

VOD

Have the link to the VOD?

Description

Time

  • Played on: Dec. 10, 2019, 6:42 p.m.
  • Length: 15:12
Show
View Real Time Build Order
Export as new Build Order

ViBE Protoss 

Build Orders: 1 Gate Expand 

Get SALT Encoding   

  12  0:00  Probe  
  13  0:13  Probe  
  14  0:20  Pylon  
  14  0:25  Probe  
  15  0:38  Probe (Chrono Boost)  
  15  0:40  Gateway  
  17  0:50  Probe (Chrono Boost)  
  17  0:52  Assimilator  
  17  0:58  Probe (Chrono Boost)  
  18  1:09  Probe  
  19  1:21  Probe  
  20  1:32  Nexus  
  20  1:33  Probe  
  21  1:45  Probe, Cybernetics Core  
  22  1:53  Pylon  
  22  1:57  Probe  
  22  2:00  Assimilator  
  23  2:11  Probe  
  24  2:23  Probe  
  25  2:30  Stalker  
  25  2:32  Warp Gate  
  25  2:35  Probe (Chrono Boost)  
  30  2:46  Probe x2 (Chrono Boost)  
  30  2:50  Gateway  
  30  2:53  Probe (Chrono Boost)  
  30  2:54  Robotics Facility  
  30  2:55  Probe (Chrono Boost)  
  32  2:58  Probe (Chrono Boost)  
  32  3:04  Probe  
  34  3:10  Probe  
  35  3:16  Probe  
  36  3:22  Probe  
  37  3:28  Probe  
  37  3:31  Sentry  
  40  3:34  Probe (Chrono Boost)  
  40  3:38  Stalker  
  40  3:40  Pylon  
  44  3:41  Probe (Chrono Boost)  
  44  3:43  Assimilator  
  44  3:45  Pylon, Assimilator  
  44  3:46  Probe (Chrono Boost)  
  45  3:49  Observer  
  46  3:57  Probe x2 (Chrono Boost)  
  46  3:59  Stalker  
  50  4:06  Probe (Chrono Boost)  
  50  4:07  Probe (Chrono Boost)  
  52  4:12  Immortal  
  56  4:18  Probe (Chrono Boost)  
  56  4:19  Probe (Chrono Boost)  
  58  4:24  Pylon, Stalker  
  58  4:27  Probe (Chrono Boost)  
  58  4:28  Probe (Chrono Boost), Pylon  
  62  4:42  Probe x2  
  62  4:43  Nexus  
  64  4:46  Pylon  
  64  4:47  Pylon  
  64  4:55  Pylon  
  64  4:57  Pylon  
  64  4:58  Stalker  
  64  4:59  Stalker  
  68  5:01  Immortal  
  68  5:05  Probe  
  68  5:06  Probe  
  74  5:19  Probe  
  74  5:20  Probe  
  76  5:31  Probe  
  76  5:32  Probe  
  76  5:33  Stalker x2  
  82  5:36  Gateway  
  82  5:38  Gateway  
  82  5:41  Gateway  
  82  5:44  Probe x2 (Chrono Boost)  
  84  5:53  Twilight Council  
  84  5:54  Probe x2 (Chrono Boost)  
  86  5:58  Probe (Chrono Boost)  
  86  5:59  Probe (Chrono Boost)  
  86  6:00  Probe  
  86  6:03  Pylon  
  89  6:10  Probe x2  
  91  6:12  Probe  
  91  6:13  Stalker x2  
  91  6:15  Immortal  
  100  6:19  Assimilator  
  100  6:20  Assimilator  
  100  6:22  Probe x2  
  100  6:24  Probe  
  103  6:34  Probe x2  
  103  6:36  Probe  
  106  6:46  Probe x2  
  108  6:48  Probe  
  108  6:49  Stalker x5  
  119  6:57  Templar Archives  
  119  6:59  Forge  
  119  7:00  Forge  
  119  7:03  Forge  
  119  7:05  Gateway  
  119  7:06  Gateway  
  119  7:10  Probe x3  
  122  7:25  Probe x2  
  122  7:26  Probe  
  122  7:29  Nexus  
  125  7:30  Protoss Ground Weapons Level 1 (Chrono Boost), Pylon, Protoss Ground Armor Level 1 (Chrono Boost)  
  125  7:31  Protoss Shields Level 1 (Chrono Boost)  
  125  7:33  Pylon, Stalker x4  
  133  7:44  Robotics Facility  
  133  7:46  Gateway  
  133  7:48  Gateway  
  133  7:50  Gateway  
  133  7:51  Gateway  
  133  7:52  Probe x2  
  133  7:55  Pylon  
  133  7:58  Pylon  
  135  8:07  Assimilator  
  135  8:11  Pylon  
  135  8:13  Pylon, Assimilator  
  135  8:14  High Templar x3  
  135  8:15  High Templar x3  
  135  8:16  Observer  
  148  8:23  Gateway  
  148  8:25  Gateway  
  148  8:26  Gateway  
  148  8:29  Gateway  
  148  8:30  Gateway  
  148  8:34  Gateway x2  
  148  8:38  Observer  
  149  8:50  High Templar  
  149  8:51  High Templar x4  
  149  8:55  Photon Cannon  
  159  8:56  Nexus  
  159  8:57  Photon Cannon  
  159  9:00  Pylon  
  159  9:01  Archon x3  
  159  9:02  Archon x2  
  154  9:10  Stalker  
  154  9:11  Stalker x3  
  154  9:12  Stalker  
  160  9:22  Probe x3  
  160  9:24  Charge  
  145  9:35  Nexus  
  145  9:36  Colossus x2  
  145  9:42  Probe  
  145  9:43  Probe x2, Pylon  
  145  9:45  Assimilator  
  148  9:52  Pylon  
  148  10:04  Pylon  
  148  10:19  Pylon  
  148  10:21  High Templar x3  
  148  10:22  High Templar x5  
  148  10:23  Zealot x2  
  148  10:24  Zealot x5  
  148  10:25  Pylon, Zealot x2  
  182  10:29  Archon x4, Pylon  
  182  10:32  Immortal  
  182  10:33  Immortal  
  188  10:49  Assimilator, Zealot x3  
  172  10:50  Zealot x6  
  172  10:51  Protoss Ground Weapons Level 2 (Chrono Boost), Protoss Ground Armor Level 2 (Chrono Boost)  
  172  10:52  Assimilator  
  172  10:56  Protoss Shields Level 2 (Chrono Boost)  
  154  11:16  Zealot x3  
  154  11:17  Zealot x5  
  154  11:18  Zealot x3  
  164  11:19  Zealot  
  164  11:21  High Templar  
  164  11:22  High Templar  
  168  11:25  Archon  
  168  11:32  Photon Cannon  
  168  11:34  Photon Cannon  
  168  11:36  Shield Battery  
  168  11:38  Photon Cannon  
  168  11:39  Photon Cannon  
  168  11:41  Shield Battery  
  168  11:47  Photon Cannon  
  168  11:49  Photon Cannon  
  168  11:51  Shield Battery  
  168  11:54  Photon Cannon  
  168  11:57  Photon Cannon  
  168  12:00  Shield Battery  
  168  12:02  Shield Battery  
  168  12:04  High Templar x5  
  168  12:05  High Templar  
  168  12:08  High Templar  
  182  12:09  Zealot x2  
  182  12:12  Archon x2  
  182  12:13  Archon  
  182  12:20  Stargate  
  182  12:22  Stargate  
  122  12:34  Stalker  
  122  12:35  Stalker x5  
  122  12:36  Stalker x2  
  114  12:49  Stalker  
  114  12:50  Stalker x4  
  94  13:08  Void Ray x2 (Chrono Boost)  
  102  13:15  High Templar, Nexus  
  102  13:16  High Templar  
  102  13:19  Archon  
  98  13:40  Void Ray x2 (Chrono Boost)  
  85  13:41  Probe  
  71  14:01  Zealot x5  
  71  14:02  Zealot x2  
  84  14:06  Void Ray x2 (Chrono Boost)  
  74  14:23  Zealot x5  
  74  14:24  Zealot x3  
  80  14:31  Probe  
  80  14:32  Probe  
  75  14:40  Cybernetics Core  
  75  14:43  Probe  
  75  14:44  Probe  
  59  14:55  Probe  
  59  14:56  Probe x2  
Show
View Real Time Build Order
Export as new Build Order

DerpHerder Zerg - Winner!

Build Orders: Hatch First, Brood Lord Corruptor, Roach Hydra 

Get SALT Encoding   

  12  0:01  Drone  
  13  0:18  Overlord  
  13  0:21  Drone  
  14  0:37  Drone x2  
  16  0:50  Hatchery  
  16  0:54  Drone  
  16  0:58  Drone  
  16  1:02  Drone  
  18  1:16  Spawning Pool  
  17  1:19  Drone  
  18  1:41  Hatchery  
  18  1:42  Drone  
  18  1:45  Drone  
  19  1:48  Drone  
  20  1:56  Drone  
  21  2:07  Queen  
  23  2:09  Queen  
  25  2:25  Overlord  
  25  2:29  Drone x3  
  28  2:45  Queen  
  28  2:47  Queen  
  28  2:49  Drone x3  
  35  2:54  Overlord  
  35  2:59  Drone x2  
  35  3:00  Drone  
  35  3:02  Drone  
  35  3:04  Drone  
  40  3:10  Drone  
  40  3:12  Overlord  
  41  3:14  Drone  
  41  3:15  Drone  
  41  3:17  Drone  
  41  3:18  Drone  
  45  3:25  Queen  
  47  3:29  Drone  
  47  3:30  Drone x2  
  47  3:31  Drone  
  51  3:41  Extractor  
  51  3:42  Extractor  
  51  3:45  Drone x4  
  51  3:46  Roach Warren  
  52  3:59  Queen  
  52  4:01  Queen  
  52  4:02  Drone x2  
  58  4:14  Overlord x2  
  58  4:15  Overlord x2  
  58  4:26  Overlord x4  
  58  4:30  Lair  
  58  4:37  Extractor, Drone x2  
  58  4:38  Drone  
  60  4:39  Extractor, Drone x3  
  60  4:42  Extractor  
  60  4:43  Drone x3  
  60  4:45  Extractor, Drone x3  
  66  4:46  Drone  
  66  4:47  Drone  
  68  4:56  Drone x3  
  71  5:04  Evolution Chamber  
  71  5:05  Drone x3  
  71  5:06  Evolution Chamber  
  72  5:08  Drone x2  
  72  5:09  Drone  
  75  5:27  Glial Reconstitution  
  75  5:29  Overseer  
  75  5:36  Roach x2  
  75  5:37  Roach x8  
  95  5:54  Roach  
  95  5:55  Roach x8  
  95  5:56  Roach x2  
  117  5:58  Zerg Ground Armor Level 1, Zerg Missile Weapons Level 1  
  117  6:04  Drone x2  
  119  6:06  Drone x3  
  122  6:17  Burrow  
  122  6:21  Hatchery x2  
  122  6:22  Overlord  
  122  6:23  Overlord  
  120  6:30  Zergling x4  
  122  6:37  Hydralisk Den  
  122  6:39  Overlord x5  
  121  6:46  Overseer  
  121  7:05  Hydralisk x7  
  121  7:06  Hydralisk x4  
  143  7:09  Grooved Spines  
  143  7:16  Drone x2  
  143  7:17  Infestation Pit  
  143  7:21  Drone x3  
  147  7:34  Drone x5  
  147  7:35  Drone x6  
  158  7:39  Extractor  
  158  7:42  Extractor  
  156  7:52  Drone x4  
  156  7:53  Hydralisk x2  
  164  8:02  Hive  
  164  8:04  Spire  
  163  8:08  Drone  
  163  8:09  Hydralisk x6  
  163  8:10  Hydralisk x2  
  163  8:12  Overlord  
  180  8:14  Overlord  
  180  8:21  Muscular Augments  
  180  8:28  Hydralisk x3  
  180  8:29  Hydralisk x3  
  192  8:51  Hatchery  
  191  8:58  Zerg Missile Weapons Level 2  
  191  8:59  Zerg Ground Armor Level 2  
  190  9:23  Roach x8  
  190  9:24  Roach x7  
  185  9:34  Hydralisk x7  
  197  9:40  Greater Spire  
  197  9:53  Overlord x2  
  197  9:54  Overlord x3  
  197  10:09  Overlord x4  
  197  10:11  Queen  
  195  10:42  Corruptor  
  195  10:43  Corruptor x5  
  195  10:44  Corruptor x2  
  181  10:53  Roach x6  
  181  10:54  Roach x5  
  171  11:06  Mutalisk  
  171  11:07  Roach x8  
  171  11:08  Roach x8  
  187  11:30  Brood Lord x5  
  197  11:59  Zerg Missile Weapons Level 3  
  197  12:00  Zerg Ground Armor Level 3  
  197  12:09  Brood Lord  
  193  12:18  Roach x6  
  193  12:19  Roach  
  193  12:20  Roach x2  
  193  12:21  Roach x2  
  199  12:23  Roach  
  199  12:28  Corruptor x2  
  199  12:29  Drone  
  178  12:45  Roach x6  
  178  12:46  Roach x6  
  194  12:57  Brood Lord  
  192  13:03  Roach x2  
  194  13:07  Brood Lord  
  196  13:19  Roach x2  
  200  13:27  Roach  
  198  13:46  Hydralisk  
  196  14:04  Hydralisk x2  
  196  14:05  Hydralisk  
  198  14:17  Hydralisk  
  194  14:24  Hydralisk x2  
  194  14:25  Hydralisk x3  
  194  14:26  Hydralisk  
  194  14:27  Hydralisk x2  
  194  14:30  Hydralisk x2  
  194  14:31  Hydralisk x2  
  196  14:35  Hydralisk x2  
  196  14:36  Hydralisk x2  
Tags
 
Add a new tag
Caveats
  • Supply blocks, unpowered buildings, or Contaminate may cause inaccurate times.
  • Supply counts are checked every 10 seconds.